 Dungeon Crawl Stone Soup version 0.30-a0-190-g22c9a3c0ff (webtiles) character file.

Game seed: 3916168130125630037

1393 910rd the Zephyrmancer (level 8, -3/44 HPs)
             Began as a Tengu Air Elementalist on Oct 3, 2022.
             Slain by a hornet (16 damage)
             ... while paralysed by a hornet
             ... on level 9 of the Dungeon on Oct 4, 2022.
             The game lasted 00:18:28 (7075 turns).

910rd the Zephyrmancer (Tengu Air Elementalist)     Turns: 7075, Time: 00:18:29

Health: -3/44      AC:  5    Str:  8    XL:     8   Next: 68%
Magic:  15/15      EV:  2    Int: 18    God:
Gold:   274        SH:  0    Dex: 15    Spells: 6/16 levels left

rFire   + . .      SeeInvis .    o - +2 dagger (drain)
rCold   . . .      Faith    .    (no shield)
rNeg    . . .      Spirit   .    e - +0 leather armour {rF+}
rPois   .          Reflect  .    (helmet restricted)
rElec   .          Harm     .    j - +1 cloak
rCorr   .          Rampage  .    (no gloves)
Will    .....                    (boots unavailable)
Stlth   ++........               (no amulet)
HPRegen 0.27/turn                (no ring)
MPRegen 0.14/turn                (no ring)

@: paralysed, lethally poisoned (-3 -> -5), on berserk cooldown, flying quickly
and evasively, slowed, quick
A: beak, talons 3, nimble flight
a: no special abilities


You were on level 9 of the Dungeon.
You visited 1 branch of the dungeon, and saw 8 of its levels.

You collected 274 gold pieces.

Inventory:

Hand Weapons
 c - a +0 club
 k - a +0 dagger
 o - a +2 dagger of draining (weapon)
 p - a +2 sling of freezing
Missiles
 d - 13 poisoned darts
 f - 6 atropa-tipped darts
Armour
 a - a +0 robe
 e - a +0 leather armour of fire resistance (worn)
 j - a +1 cloak (worn)
 m - the +4 scale mail of Understanding {Int+4}
   (You found it on level 3 of the Dungeon)

   Int:       It affects your intelligence (+4).
 q - an orb of energy
Magical Staves
 t - a staff of fire
Wands
 v - a wand of polymorph (9)
 y - a wand of iceblast (9)
 E - a wand of flame (19)
Scrolls
 r - a scroll of immolation
 s - 2 scrolls of teleportation
 w - a scroll of butterflies
 B - a scroll of fear
 G - a scroll of enchant armour
Potions
 b - 2 potions of magic
 g - a potion of degeneration
 h - 5 potions of mutation
 i - 2 potions of heal wounds
 l - a potion of ambrosia
 u - 3 potions of flight
 x - a potion of lignification {unknown}
 z - a potion of attraction {unknown}
 A - a potion of might {unknown}
 C - a potion of curing {unknown}
 D - a potion of brilliance {unknown}
 F - a potion of invisibility {unknown}


   Skills:
 - Level 2.0 Fighting
 - Level 2.1 Dodging
 - Level 2.0 Stealth
 + Level 4.6 Spellcasting
 - Level 3.0 Conjurations
 - Level 12.0 Air Magic


You had 6 spell levels left.
You knew the following spells:

 Your Spells              Type           Power      Damage    Failure   Level
a - Shock                 Conj/Air       100%       1d9       1%          1
b - Static Discharge      Conj/Air       62%        2-5/arc   1%          2
c - Swiftness             Air            47%        N/A       1%          3
d - Airstrike             Air            23%        2d(4-20)  1%          4

Your spell library contained the following spells:

 Spells                   Type           Power      Damage    Failure   Level
 Sandblast                Erth           8%         2d5       21%         1
 Passwall                 Tmut/Erth      3%         N/A       30%         2
 Stone Arrow              Conj/Erth      18%        3d8       32%         3
 Manifold Assault         Tloc           4%         N/A       90%         4
 Dispersal                Tloc           2%         N/A       100%        6
 Disjunction              Tloc           2%         N/A       100%        8


Dungeon Overview and Level Annotations

Branches:
Dungeon (9/15) Zot: 26987
 Temple: D:4-7         Lair: D:8-11         Orc: D:9-12

Altars:
Fedhas
Kikubaaqudgha
Nemelex Xobeh
Okawaru
Ru
Sif Muna
Trog
The Shining One

Annotations:
D:4 1 runed translucent door, Gilette's ghost, novice GnNe
D:8 Psyche


Innate Abilities, Weirdness & Mutations

You have a beak for a mouth.
You have claws for feet.
Your magical nature lets you fly swiftly and evasively.


Message History

The acid dragon spits acid at you. The splash of acid hits you!
* * * LOW HITPOINT WARNING * * *
You hear an angry buzzing noise. x2
You take 18 damage, and have 33/66 hp.
MASSIVE DAMAGE!!
You bump into the rock wall.
You feel very sick.
The killer bee buzzes angrily.
The hornet stings you!
* * * LOW HITPOINT WARNING * * *
You feel as though you will be slow longer.
The hornet barely misses you.
You take 16 damage, and have 17/66 hp.
MASSIVE DAMAGE!!
You are too berserk!
You bump into the rock wall.
You feel your anger nearly subside.
You feel sick. The hornet barely misses you.
A killer bee comes into view.
You take 1 damage, and have 16/66 hp.
You feel less confused.
You are no longer berserk.
You are exhausted.
You feel as though you will be slow longer.
You feel sick.
You now have 9/44 hp.
You feel much better.
You feel sick. The hornet stings you.
You feel as though you will be slow longer.
The hornet closely misses you. The acid dragon spits acid at you.
The splash of acid hits you!!
Ouch! That really hurt!
* * * LOW HITPOINT WARNING * * *
The hornet barely misses you.
A killer bee comes into view.
The killer bee buzzes angrily.
You hear an angry buzzing noise.
You hear a shout!
You hear a bellow!
You take 6 damage, and have 3/44 hp.
You feel much better.
You feel sick. The hornet stings you!
* * * LOW HITPOINT WARNING * * *
You suddenly lose the ability to move!
The hornet stings you!
You die...

#..###########
#.....^...#
#.........#
#.........#
#####.##### #
##.# ##.# #..#
#...#
#..###..#
#..@Dyy#
#.##y### ...
#<# ....# #.#
#.... ...
##... .....
#.......#.#
.....#.#
.(..###.#


You could see a hornet, an acid dragon and 2 killer bees.

Vanquished Creatures
  Grinder (D:6)
  A sky beast (D:6)
  2 ogres
  2 phantoms (D:6)
  3 necrophages
  A scorpion (D:4)
  A howler monkey (D:5)
  2 jellies (D:6)
  7 hounds
  2 gnoll boudas
  An iguana (D:5)
  4 gnolls
  4 adders
  A shadow imp (D:6)
  A worm (D:5)
  4 dart slugs
  5 orcs (D:6)
  5 ball pythons
  4 bats
  9 endoplasms
  5 giant cockroaches
  4 hobgoblins (D:3)
  6 jackals
  3 quokkas
  2 frilled lizards
  5 goblins
  8 kobolds
  3 rats
96 creatures vanquished.

Vanquished Creatures (others)
  A fungus (D:2)
1 creature vanquished.

Grand Total: 97 creatures vanquished

Notes
Turn   | Place    | Note
-------+----------+-------------------------------------------
     0 | D:1      | 910rd the Tengu Air Elementalist began the quest for the
                  | Orb.
     0 | D:1      | Reached XP level 1. HP: 10/10 MP: 4/4
    81 | D:1      | Reached skill level 1 in Fighting
   156 | D:1      | Reached XP level 2. HP: 14/16 MP: 4/6
   281 | D:1      | Learned a level 2 spell: Static Discharge
   315 | D:1      | Upgraded the game from 0.30-a0-178-g4db885d750 to
                  | 0.30-a0-190-g22c9a3c0ff
   719 | D:1      | Reached XP level 3. HP: 21/21 MP: 4/7
   947 | D:2      | Learned a level 3 spell: Swiftness
  1027 | D:2      | Found a faded altar of an unknown god.
  1241 | D:2      | Reached skill level 5 in Air Magic
  2095 | D:3      | Identified the +4 scale mail of Understanding {Int+4}
  2160 | D:3      | Found a glowing golden altar of the Shining One.
  2226 | D:3      | Reached XP level 4. HP: 23/26 MP: 0/9
  3027 | D:4      | Noticed a scorpion
  3097 | D:4      | Killed a scorpion
  3098 | D:4      | Gained mutation: Your magical nature lets you fly swiftly
                  | and evasively. [Tengu growth]
  3098 | D:4      | Reached XP level 5. HP: 30/30 MP: 1/10
  3217 | D:4      | Noticed an ogre
  3232 | D:4      | Killed an ogre
  3233 | D:4      | Reached skill level 6 in Air Magic
  3233 | D:4      | Reached XP level 6. HP: 10/35 MP: 6/11
  3575 | D:4      | Reached skill level 7 in Air Magic
  4104 | D:4      | Reached skill level 8 in Air Magic
  4109 | D:4      | Learned a level 4 spell: Airstrike
  4255 | D:4      | Found a runed translucent door.
  4257 | D:4      | Noticed Gilette's ghost (novice GnNe)
  4548 | D:5      | Entered Level 5 of the Dungeon
  4554 | D:5      | Reached XP level 7. HP: 23/40 MP: 4/12
  4702 | D:5      | Reached skill level 9 in Air Magic
  5442 | D:5      | Reached skill level 10 in Air Magic
  5929 | D:6      | Reached XP level 8. HP: 35/44 MP: 0/13
  6196 | D:6      | Noticed Grinder
  6198 | D:6      | Killed Grinder
  6199 | D:6      | Reached skill level 11 in Air Magic
  6301 | D:6      | Reached skill level 12 in Air Magic
  7025 | D:6      | You are sucked into a shaft and drop 3 floors!
  7028 | D:9      | Found a shimmering blue altar of Sif Muna.
  7029 | D:9      | Found an iron altar of Okawaru.
  7035 | D:9      | Found a sparkling altar of Nemelex Xobeh.
  7035 | D:9      | Found a blossoming altar of Fedhas.
  7036 | D:9      | Found a sacrificial altar of Ru.
  7037 | D:9      | Found a bloodstained altar of Trog.
  7041 | D:9      | Found an ancient bone altar of Kikubaaqudgha.
  7064 | D:8      | Noticed Psyche
  7066 | D:9      | Noticed a hornet
  7075 | D:9      | Paralysed by a hornet for 3 turns
  7075 | D:9      | Slain by a hornet

Illustrated notes

Levels and vault maps discovered:
D:1:      matt_arrival_los_fun, layout_basic
D:2:      layout_loops_cross, shapermc_ecumenical_altar_gd
D:3:      layout_loops_corners, tso_altar, nicolae_kite_square_tiling_tiny,
          minmay_between
D:4:      layout_basic, ebering_ghost_inner_flame, kennysheep_cross_room
D:5:      layout_basic, st_stairs_9, hex_intersection
D:6:      layout_loops_cross, uniq_grinder
D:8:      minmay_chambers_of_fours, layout_rooms,
          nicolae_qazlal_eye_of_the_storm, uniq_psyche
D:9:      layout_rooms, cheibriados_altar_2, minitemple, glass_columns_a,
          uniq_joseph, uniq_harold, uniq_gastronok

Skill      XL: |  1  2  3  4  5  6  7  8 |
---------------+-------------------------+-----
Fighting       | 1 2 |  2.0
Air Magic      | 5 6 8 10 12 | 12.0
Spellcasting   | 3 4 |  4.6
Conjurations   | 3 |  3.0
Dodging        | |  2.1
Stealth        | |  2.0

Action                   |  1- 3 |  4- 6 |  7- 9 || total
-------------------------+-------+-------+-------++-------
Melee: Club              |     8 |       |       ||     8
       Kick              |     7 |     7 |     4 ||    18
       Peck              |     5 |     5 |     1 ||    11
       Dagger            |     8 |    18 |    10 ||    36
       Punch             |       |     1 |       ||     1
 Fire: Sling             |       |    20 |       ||    20
Throw: Dart              |       |     6 |     5 ||    11
 Cast: Shock             |    71 |    37 |       ||   108
       Static Discharge  |     1 |    19 |    12 ||    32
       Airstrike         |       |       |    32 ||    32
  Use: Scroll            |     1 |    11 |     4 ||    16
       Potion            |       |       |     3 ||     3
Armor: Robe              |     5 |       |       ||     5
       Leather armour    |     3 |    11 |     3 ||    17
Dodge: Dodged            |    22 |    31 |    17 ||    70

Table legend: (Time is in decaauts)
 A = Elapsed time spent in this place.
 B = Non-inter-level travel time spent in this place.
 C = Inter-level travel time spent in this place.
 D = Time resting spent in this place.
 E = Time spent auto-exploring this place.
 F = Levels seen in this place.
 G = Mean time per level.
                   A        B        C        D        E       F      G
               +--------+--------+--------+--------+--------+-----+--------+
         Total |   6863 |   6656 |    207 |    945 |   4944 |   8 |  857.9 |
       Dungeon |   6863 |   6656 |    207 |    945 |   4944 |   8 |  857.9 |
               +--------+--------+--------+--------+--------+-----+--------+

Top non-repeatable levels by time:
     D:4: 1404 daAuts
     D:5: 1276 daAuts
     D:3: 1222 daAuts
     D:6: 993 daAuts
     D:2: 976 daAuts
     D:1: 943 daAuts
     D:9: 44 daAuts
     D:8: 1 daAuts
